 Dungeon Crawl Stone Soup version 0.31-a0-1591-g515db51633 (webtiles) character file.

Game seed: 7609521593724201466

121162 CougarLife the Severer (level 16, -1/145 (151) HPs)
             Began as a Minotaur Fighter on Jan 6, 2024.
             Was a High Priest of Okawaru.
             Slain by a nine-headed hydra (7 damage)
             ... on level 2 of the Swamp.
             The game lasted 01:37:08 (34029 turns).

CougarLife the Severer (Minotaur Fighter)          Turns: 34029, Time: 01:37:08

HP:   -1/145 (151)  AC: 16    Str: 22    XL:     16   Next: 31%
MP:   26/26         EV: 10    Int:  7    God:    Okawaru [*****.]
Gold: 2059          SH: 16    Dex: 15    Spells: 15/15 levels left

rFire   + . .        t - +2 war axe
rCold   + + .        v - +3 kite shield of Ydothreet {-Cast rN+ Will+ Regen+}
rNeg    + . .        E - +0 acid dragon scales
rPois   +            Y - +0 hat
rElec   .            B - +2 cloak {rPois}
rCorr   +            X - +0 pair of gloves
SInv    .            R - +0 pair of boots
Will    ++...        Z - amulet "Oroin" {Acrobat rC++ Slay+3}
Stlth   +            y - ring of resist corrosion
HPRegen 1.24/turn    T - ring of protection from fire
MPRegen 0.20/turn

%: no spellcasting, acrobat
@: lightly drained
A: horns 2, retaliatory headbutt
a: Renounce Religion, Heroism, Finesse, Duel


You were on level 2 of the Swamp.
You worshipped Okawaru.
Okawaru was extremely pleased with you.
You visited 6 branches of the dungeon, and saw 26 of its levels.
You also visited: Gauntlet.

You collected 2293 gold pieces.
You spent 234 gold pieces at shops.

Inventory:

Hand Weapons
 i - a +4 scimitar of flaming
 t - a +2 war axe (weapon)
Missiles
 a - 3 silver javelins
 p - 26 poisoned darts
 w - 5 boomerangs (quivered)
 F - 2 throwing nets
 Q - 22 javelins
Armour
 v - the +3 kite shield of Ydothreet (worn) {-Cast rN+ Will+ Regen+}
   (You took it off Donald on level 2 of the Orcish Mines)

   rN+:       It protects you from negative energy.
   Will+:     It increases your willpower.
   -Cast:     It prevents spellcasting.
   Regen+:    It increases your rate of health regeneration.
 B - a +2 cloak of poison resistance (worn)
 E - +0 acid dragon scales (worn)
 R - a +0 pair of boots (worn)
 X - a +0 pair of gloves (worn)
 Y - a +0 hat (worn)
Jewellery
 y - a ring of resist corrosion (left hand)
 M - a ring of flight
 T - a ring of protection from fire (right hand)
 Z - the amulet "Oroin" (around neck) {Acrobat rC++ Slay+3}
   (You found it in a Gauntlet)

   [amulet of the acrobat]

   Acrobat:   It increases your evasion while moving and waiting.
   Slay+3:    It affects your accuracy & damage with ranged weapons and melee
   (+3).
   rC++:      It greatly protects you from cold.
Wands
 b - a wand of paralysis (27)
 x - a wand of polymorph (35)
 J - a wand of light (6)
 L - a wand of digging (12)
 V - a wand of iceblast (5)
Scrolls
 c - 4 scrolls of vulnerability
 d - 2 scrolls of torment
 h - a scroll of fear
 j - 3 scrolls of enchant armour
 k - 6 scrolls of fog
 n - 5 scrolls of teleportation
 q - 6 scrolls of immolation
 s - a scroll of revelation
 u - 4 scrolls of noise
 A - 2 scrolls of poison
 G - a scroll of silence
 K - 5 scrolls of enchant weapon
 O - 8 scrolls of blinking
Potions
 e - 6 potions of curing
 f - 2 potions of ambrosia
 g - 3 potions of invisibility
 l - 6 potions of attraction
 m - 5 potions of mutation
 o - 3 potions of degeneration
 r - a potion of might
 z - a potion of berserk rage
 C - 2 potions of haste
 D - a potion of heal wounds
 H - 3 potions of enlightenment
 I - a potion of brilliance
 P - a potion of cancellation
 S - 3 potions of lignification
 U - 3 potions of magic
 W - a potion of resistance


   Skills:
 - Level 16.2 Fighting
 - Level 17.0 Axes
 - Level 9.2 Throwing
 + Level 13.2 Armour
 + Level 13.2 Shields
 - Level 15.0 Invocations


You had 15 spell levels left.
You didn't know any spells.
Your spell library contained the following spells:

 Spells                   Type           Power      Damage    Failure   Level
 Kiss of Death            Conj/Necr      0%         2d5       65%         1
 Necrotise                Necr           0%         1d4       65%         1
 Static Discharge         Conj/Air       0%         3-3/arc   80%         2
 Sublimation of Blood     Necr           0%         N/A       80%         2
 Confusing Touch          Hex            0%         N/A       95%         3
 Vampiric Draining        Necr           0%         2d6       95%         3
 Volatile Blastmotes      Fire/Tloc      0%         2d10      95%         3
 Airstrike                Air            0%         2d(0-16)  100%        4
 Cause Fear               Hex            0%         N/A       100%        4
 Dispel Undead            Necr           0%         3d6       100%        4
 Fulminant Prism          Conj/Alch      0%         3d5       100%        4
 Ignite Poison            Fire/Alch      0%         N/A       100%        4
 Iskenderun's Mystic Bla  Conj/Tloc      0%         2d3       100%        4
 Passage of Golubria      Tloc           0%         N/A       100%        4
 Petrify                  Alch/Erth      0%         N/A       100%        4
 Sticky Flame             Fire/Alch      0%         2d4       100%        4
 Vhi's Electric Charge    Tloc/Air       0%         N/A       100%        4
 Arcjolt                  Conj/Air       0%         1d10      100%        5
 Curse of Agony           Necr           0%         N/A       100%        5
 Fireball                 Conj/Fire      0%         3d3       100%        5
 Irradiate                Conj/Alch      0%         3d11      100%        5
 Silence                  Hex/Air        0%         N/A       100%        5
 Borgnjor's Revivificati  Necr           0%         N/A       100%        8
 Ignition                 Fire           0%         3d3       100%        8
 Lehudib's Crystal Spear  Conj/Erth      0%         10d2      100%        8
 Maxwell's Capacitive Co  Air            0%         ∞         100%        8
 Death's Door             Necr           0%         N/A       100%        9
 Martyr's Knell           Necr/Summ      Unusable   N/A       N/A         4
 Summon Lightning Spire   Summ/Air       Unusable   N/A       N/A         4
 Haunt                    Necr/Summ      Unusable   N/A       N/A         7
 Dragon's Call            Summ           Unusable   N/A       N/A         9

Dungeon Overview and Level Annotations

Branches:
Dungeon (15/15)            Temple (1/1) D:7            Lair (5/5) D:11
  Swamp (2/4) Lair:2        Snake (1/4) Lair:3        Slime (0/5) Lair:5
    Orc (2/2) D:9             Elf (0/3) Orc:2        Vaults (0/5) D:13
 Depths (0/4) D:15        Gauntlet (visited)

Altars:
Ashenzari
Cheibriados
Dithmenos
Elyvilon
Fedhas
Gozag
Hepliaklqana
Kikubaaqudgha
Makhleb
Nemelex Xobeh
Okawaru
Qazlal
Ru
Sif Muna
Trog
Uskayaw
Vehumet
Wu Jian
Xom
Yredelemnul
Zin
The Shining One

Shops:
D:5 !((==   D:6 =*   D:8 *   D:10 *   D:12 :   Orc:1 [*?(   Orc:2 ?!((

Portals:
Abyss: D:14

Annotations:
D:4 3 runed translucent doors, Dordric's ghost, amateur FoHu
D:8 2 transporters, case's ghost, journeyman MiBe
D:11 3 runed translucent doors
D:14 2 transporters, Xacosk's ghost, journeyman DsCK
D:15 2 transporters, Doxel's ghost, journeyman FeSh


Innate Abilities, Weirdness & Mutations

You have a pair of horns on your head.
You reflexively headbutt those who attack you in melee.


Message History

You slash the spectral spriggan berserker!
You slash the spectral four-headed hydra!
You destroy the spectral four-headed hydra!
The spectral four-headed hydra fades away!
You closely miss the spectral death drake.
The swamp worm fires a harpoon shot at you.
You block the harpoon shot. You block the ghost crab's attack. x2
The spectral death drake bites you. You partially resist.
You feel drained.
The spectral spriggan berserker hits you!
The seven-headed hydra closely misses you.
You furiously retaliate!
You headbutt the seven-headed hydra.
The seven-headed hydra barely misses you.
The seven-headed hydra bites you. The seven-headed hydra bites you!
* * * LOW HITPOINT WARNING * * *
The seven-headed hydra misses you. x2; The seven-headed hydra bites you.
* * * LOW HITPOINT WARNING * * *
You slice the ghost crab!!
You destroy the ghost crab!
Okawaru accepts your kill.
The spectral fenstrider witch fades away!
The spectral spriggan air mage fades away!
The spectral spriggan berserker fades away!
The spectral death drake fades away!
You chop one of the seven-headed hydra's heads off!
The six-headed hydra grows two more!
You hit the eight-headed hydra.
A bunyip comes into view.
You closely miss the swamp worm.
The bunyip gives a hideous shriek!
You chop one of the eight-headed hydra's heads off!
The seven-headed hydra grows two more!
You slash the nine-headed hydra!
You block the nine-headed hydra's attack.
The nine-headed hydra bites you!
* * * LOW HITPOINT WARNING * * *
The nine-headed hydra barely misses you.
The nine-headed hydra bites you but does no damage.
The nine-headed hydra bites you!
* * * LOW HITPOINT WARNING * * *
You block the nine-headed hydra's attack.
The nine-headed hydra bites you!
You die...

~.~~§~. ~~.
...~~~~..§
~♣.~§~~~..~ ~
~...§~~~~~.♣♣ ~.
...~.~~~~~.~~♣♣...
..~~...°..♣~....<§
~~...~°~†w~.~~..§
♣♣.~§~~~D@.~~~.~.
♣~.~~§~~†..~~~.♣~
♣♣♣~§~~~~~..~♣♣♣...
~ ♣~...~~~.[..♣♣ ~
.~♣~~~~~§~...♣♣
♣~...~~~.♣♣♣♣
♣♣♣♣~♣...♣♣
........♣♣
..#####..♣♣♣♣


You could see a nine-headed hydra and a swamp worm.

Vanquished Creatures
  Frances (Swamp:1)
  Donald (Orc:2)
  3 orc warlords
  A very ugly thing (D:15)
  Nessos (Lair:4)
  A minotaur (Gauntlet)
  Erolcha (Orc:1)
  An ice dragon (Lair:5)
  Fannar (D:10)
  A ghost crab (Swamp:2)
  8 hydras
  2 catoblepae
  4 alligators (Swamp:1)
  8 centaur warriors
  2 ogre magi (D:13)
  A death knight (D:14)
  6 boulder beetles
  3 tengu warriors
  14 two-headed ogres
  A hell hog (Lair:5)
  4 spriggans (Swamp:1)
  5 orc high priests
  2 skeletal warriors (D:13)
  A skyshark (shapeshifter) (D:15)
  3 skysharks (Lair:5)
  A bog body (Swamp:1)
  2 goliath frogs (Swamp:1)
  2 swamp dragons
  A phantasmal warrior (D:14)
  7 orc sorcerers
  6 orc knights
  4 deep elf pyromancers
  4 manticores
  7 ugly things
  9 cyclopes
  A will-o-the-wisp (Swamp:1)
  4 kobold blastminers
  4 black mambas
  A molten gargoyle (Gauntlet)
  4 gargoyles
  12 cane toads
  5 rime drakes
  A torpor snail (Lair:5)
  4 kobold demonologists
  2 efreet
  11 komodo dragons
  2 yaktaurs (D:13)
  Maggie (D:8)
  2 freezing wraiths (D:14)
  2 tengu conjurers
  A bloated husk (Swamp:1)
  10 polar bears
  5 trolls
  3 tyrant leeches
  A polar bear (shapeshifter) (D:13)
  Grinder (D:5)
  Prince Ribbit (D:5)
  6 hornets
  13 blink frogs
  3 raiju (Lair:5)
  10 dream sheep (Lair:5)
  5 wraiths
  2 vampires
  2 shadows
  9 wyverns
  10 slime creatures
  15 wargs
  33 yaks
  A fire bat (D:8)
  2 fire elementals (Gauntlet)
  8 basilisks
  Eustachio (D:5)
  2 steam dragons
  Menkaure (D:5)
  5 vampire mosquitoes
  3 nagas (Lair:3)
  A swamp worm (Swamp:2)
  3 acid dragons
  Duvessa (D:5)
  Edmund (D:4)
  14 hell hounds
  3 swamp drakes
  16 water moccasins
  54 orc warriors
  2 laughing skulls (D:13)
  3 sky beasts
  4 ice beasts
  17 black bears
  13 wolves (Lair:5)
  A boggart (D:13)
  12 ogres
  5 centaurs
  3 kobold brigands (D:8)
  3 scorpions
  7 bullfrogs
  8 wights
  Dowan (D:5)
  19 killer bees
  An electric eel (D:12)
  3 howler monkeys
  A bombardier beetle (D:5)
  36 orc priests
  6 jellies
  A gnoll bouda (D:8)
  3 hounds
  Ijyb (D:5)
  Crazy Yiuf (D:5)
  7 iguanas
  3 sleepcaps
  28 orc wizards
  A boggart simulacrum (D:13)
  6 adders
  7 gnolls
  2 shadow imps
  2 white imps
  3 dart slugs
  3 ribbon worms
  152 orcs
  7 endoplasms
  6 giant cockroaches
  15 goblins
  8 hobgoblins
  4 jackals (D:4)
  14 kobolds
  6 quokkas
  5 ball pythons
  2 bats
  6 frilled lizards
  3 rats
862 creatures vanquished.

Vanquished Creatures (others)
  10 foxfires (Swamp:1)
10 creatures vanquished.

Grand Total: 872 creatures vanquished

Notes
Turn   | Place    | Note
-------+----------+-------------------------------------------
     0 | D:1      | CougarLife the Minotaur Fighter began the quest for the
                  | Orb.
     0 | D:1      | Reached XP level 1. HP: 19/19 MP: 0/0
   255 | D:1      | Reached XP level 2. HP: 26/26 MP: 1/1
   494 | D:1      | Reached skill level 3 in Axes
   813 | D:2      | Reached XP level 3. HP: 33/33 MP: 2/2
  1293 | D:3      | Noticed a scorpion
  1297 | D:3      | Killed a scorpion
  1298 | D:3      | Reached skill level 4 in Axes
  1298 | D:3      | Reached XP level 4. HP: 27/41 MP: 3/3
  1461 | D:3      | Found an ancient bone altar of Kikubaaqudgha.
  1491 | D:3      | Reached skill level 5 in Axes
  1491 | D:3      | Reached XP level 5. HP: 47/47 MP: 4/4
  1520 | D:3      | Reached skill level 5 in Fighting
  1855 | D:4      | Noticed Dordric's ghost (amateur FoHu)
  1867 | D:4      | Noticed a black bear
  1880 | D:4      | Found a sacrificial altar of Ru.
  1903 | D:3      | Killed a black bear
  1904 | D:3      | Reached skill level 6 in Axes
  1904 | D:3      | Reached XP level 6. HP: 10/56 MP: 5/5
  2188 | D:4      | Found a runed translucent gate.
  2188 | D:4      | Found a runed translucent gate.
  2188 | D:4      | Found a runed translucent gate.
  2477 | D:4      | Found an ornate altar of the Wu Jian Council.
  2521 | D:4      | Found a hazy altar of Hepliaklqana.
  2745 | D:5      | Entered Level 5 of the Dungeon
  2745 | D:5      | Found Iskaoz's Jewellery Emporium.
  2815 | D:5      | Noticed Menkaure
  2815 | D:5      | Noticed Edmund
  2815 | D:5      | Noticed Dowan
  2844 | D:4      | Killed Edmund
  2845 | D:4      | Reached skill level 7 in Axes
  2884 | D:5      | Found Hasiluox's Jewellery Shoppe.
  2910 | D:5      | Found Rorhic's Antique Weapon Shoppe.
  2927 | D:5      | Found Moponicu's Distillery.
  2944 | D:5      | Reached XP level 7. HP: 29/63 MP: 6/6
  3071 | D:5      | Noticed Eustachio
  3095 | D:5      | Noticed Duvessa
  3112 | D:5      | Found Buerem's Antique Weapon Boutique.
  3129 | D:5      | HP: 2/64 [Duvessa/+0 rapier (6)]
  3423 | D:5      | Noticed Ijyb
  3435 | D:5      | Killed Menkaure
  3436 | D:5      | Reached skill level 8 in Axes
  3436 | D:5      | Killed Ijyb
  3655 | D:5      | Noticed Prince Ribbit
  3663 | D:5      | Killed Prince Ribbit
  3664 | D:5      | Reached skill level 9 in Axes
  3791 | D:5      | Killed Duvessa
  3792 | D:5      | Reached XP level 8. HP: 52/73 MP: 7/7
  3794 | D:5      | Killed Dowan
  4029 | D:5      | Killed Eustachio
  4075 | D:5      | Reached skill level 10 in Axes
  4172 | D:5      | Found a runed translucent door.
  4173 | D:5      | Noticed Crazy Yiuf
  4205 | D:5      | Noticed Grinder
  4218 | D:5      | Killed Grinder
  4384 | D:5      | Reached skill level 11 in Axes
  4907 | D:5      | Killed Crazy Yiuf
  5164 | D:6      | Found a burning altar of Makhleb.
  5209 | D:6      | Reached XP level 9. HP: 32/74 MP: 8/8
  5459 | D:6      | Found Duystrynn's Jewellery Shoppe.
  5511 | D:6      | Reached skill level 12 in Axes
  5611 | D:6      | Found Xaobaig's Overcharged Wands.
  5715 | D:6      | Found a shadowy altar of Dithmenos.
  6158 | D:7      | Reached skill level 5 in Armour
  6158 | D:7      | Reached skill level 5 in Shields
  6365 | D:7      | Found a stormy altar of Qazlal.
  6473 | D:7      | Found a staircase to the Ecumenical Temple.
  6583 | Temple   | Entered the Ecumenical Temple
  6597 | Temple   | Became a worshipper of Warmaster Okawaru
  6662 | D:7      | Found an opulent altar of Gozag.
  6794 | D:7      | Reached skill level 13 in Axes
  6872 | D:7      | Noticed a cyclops
  6887 | D:7      | Killed a cyclops
  6887 | D:7      | Reached * piety under Okawaru
  6888 | D:7      | Reached XP level 10. HP: 22/91 MP: 9/9
  7185 | D:8      | Found a transporter.
  7193 | D:8      | Found a transporter.
  7195 | D:8      | Noticed case's ghost (journeyman MiBe)
  7196 | D:8      | Found a bloodstained altar of Trog.
  7209 | D:8      | Noticed a moth of wrath
  7254 | D:8      | Noticed a two-headed ogre
  7304 | D:8      | Found Xogid's General Store.
  7332 | D:8      | Reached skill level 1 in Invocations
  7413 | D:8      | Noticed a two-headed ogre
  7413 | D:8      | Noticed Maggie
  7420 | D:8      | Killed Maggie
  7427 | D:8      | Killed a two-headed ogre
  7432 | D:8      | Reached skill level 5 in Invocations
  7664 | D:8      | Reached ** piety under Okawaru
  7909 | D:8      | Noticed a two-headed ogre
  7922 | D:8      | Killed a two-headed ogre
  8094 | D:8      | Reached *** piety under Okawaru
  8205 | D:8      | Found a shimmering altar of Xom.
  8205 | D:8      | Noticed a two-headed ogre
  8218 | D:8      | Killed a two-headed ogre
  8618 | D:8      | Reached XP level 11. HP: 83/97 MP: 14/14
  9300 | D:9      | Found a staircase to the Orcish Mines.
  9484 | D:9      | Reached **** piety under Okawaru
  9707 | D:9      | Reached skill level 14 in Axes
 10465 | D:10     | Entered Level 10 of the Dungeon
 10465 | D:10     | Found a radiant altar of Vehumet.
 10497 | D:10     | Noticed Fannar
 10520 | D:10     | Killed Fannar
 10520 | D:10     | Reached ***** piety under Okawaru
 10659 | D:10     | Found Gullun's Changing Room.
 10808 | D:10     | Found a glowing silver altar of Zin.
 10848 | D:10     | Found a broken altar of Ashenzari.
 10882 | D:10     | Noticed a two-headed ogre
 10888 | D:10     | Killed a two-headed ogre
 11122 | D:10     | Identified the +0 helmet "Bikhluopt" {rF++ rC+ Slay-4}
 11145 | D:10     | Found a sparkling altar of Nemelex Xobeh.
 11723 | D:11     | Received a gift from Okawaru
 12030 | D:11     | Found a staircase to the Lair.
 12300 | D:11     | Noticed a two-headed ogre
 12311 | D:11     | Killed a two-headed ogre
 12569 | D:11     | Reached XP level 12. HP: 81/104 MP: 17/17
 12684 | D:11     | Found a runed translucent gate.
 12684 | D:11     | Found a runed translucent gate.
 12684 | D:11     | Found a runed translucent gate.
 12983 | D:11     | a steelbarb worm changed into a two-headed ogre
 12983 | D:11     | Noticed a two-headed ogre (glowing shapeshifter)
 12984 | D:11     | a two-headed ogre changed into a glowing orange brain
 13010 | Lair:1   | Entered Level 1 of the Lair of Beasts
 13283 | Lair:1   | Noticed a boulder beetle
 13296 | Lair:1   | Killed a boulder beetle
 13297 | Lair:1   | Reached skill level 10 in Invocations
 13587 | Lair:1   | Received a gift from Okawaru
 13806 | Lair:1   | Reached skill level 1 in Throwing
 15205 | Lair:2   | Reached skill level 5 in Throwing
 15403 | Lair:2   | Reached skill level 15 in Axes
 15857 | Lair:2   | Found a staircase to the Swamp.
 15902 | Lair:2   | Noticed a four-headed hydra
 15929 | Lair:2   | Killed a one-headed hydra
 16817 | Lair:3   | Found a staircase to the Snake Pit.
 17478 | Lair:4   | Noticed Nessos
 17489 | Lair:4   | Killed Nessos
 17490 | Lair:4   | Reached XP level 13. HP: 78/111 MP: 18/20
 17776 | Lair:4   | Received a gift from Okawaru
 17807 | Lair:4   | Found a gate leading to a gauntlet.
 17816 | Gauntlet | Entered a Gauntlet
 17816 | Gauntlet | Found a transporter.
 17956 | Gauntlet | Found a transporter.
 17968 | Gauntlet | Found a transporter.
 17973 | Gauntlet | Found a transporter.
 17985 | Gauntlet | Found a transporter.
 18005 | Gauntlet | Found a transporter.
 18017 | Gauntlet | Noticed a dire elephant
 18019 | Gauntlet | Found a transporter.
 18023 | Gauntlet | Found a transporter.
 18030 | Gauntlet | Found a transporter.
 18030 | Gauntlet | Found a transporter.
 18033 | Gauntlet | Found a transporter.
 18068 | Gauntlet | Found a transporter.
 18159 | Gauntlet | Reached skill level 16 in Axes
 18220 | Gauntlet | Identified the amulet "Oroin" {Acrobat rC++ Slay+3}
 18269 | Gauntlet | Noticed a minotaur
 18284 | Gauntlet | Killed a minotaur
 18510 | Gauntlet | Identified the +0 scale mail "Waumpum" {rPois rCorr}
 19027 | Lair:5   | Entered Level 5 of the Lair of Beasts
 19036 | Lair:5   | Reached skill level 10 in Fighting
 19541 | Snake:1  | Entered Level 1 of the Snake Pit
 19837 | Lair:5   | Found a staircase to the Slime Pits.
 20986 | Lair:5   | Reached skill level 17 in Axes
 20991 | Lair:5   | Reached XP level 14. HP: 121/126 MP: 21/21
 21030 | Lair:5   | Received a gift from Okawaru
 21084 | Lair:5   | Reached skill level 10 in Armour
 21084 | Lair:5   | Reached skill level 10 in Shields
 23254 | D:12     | Found Cipamien's Book Boutique.
 23498 | D:12     | Received a gift from Okawaru
 24063 | Orc:1    | Entered Level 1 of the Orcish Mines
 24063 | Orc:1    | Noticed Erolcha
 24073 | Orc:1    | Killed Erolcha
 24192 | Orc:1    | Found Rerei's Antique Armour Emporium.
 24691 | Orc:1    | Noticed an orc warlord
 24711 | Orc:1    | Killed an orc warlord
 24901 | Orc:1    | Found Qimoegh's Magic Scroll Shoppe.
 24941 | Orc:1    | Found Adiweosh's General Store.
 25072 | Orc:1    | Bought a scroll of identify for 26 gold pieces
 25072 | Orc:1    | Bought a scroll of identify for 26 gold pieces
 25072 | Orc:1    | Bought a scroll of identify for 26 gold pieces
 25211 | Orc:2    | Entered Level 2 of the Orcish Mines
 25983 | Orc:2    | Found Inejiapi's Magic Scroll Emporium.
 26178 | Orc:2    | Found Simacy's Distillery.
 26429 | Orc:2    | Bought a potion of might for 52 gold pieces
 26440 | Orc:2    | Paralysed by an orc sorcerer for 5 turns
 26485 | Orc:2    | Received a gift from Okawaru
 26979 | Orc:2    | Paralysed by an orc sorcerer for 2 turns
 27034 | Orc:2    | Identified the +0 ring mail "Myumoarch" {MP+9 Str+5}
 27078 | Orc:2    | Noticed an orc warlord
 27088 | Orc:2    | Killed an orc warlord
 27180 | Orc:2    | Noticed an orc warlord
 27200 | Orc:2    | Killed an orc warlord
 27348 | Orc:2    | Identified the +3 kite shield of Ydothreet {-Cast rN+ Will+
                  | Regen+}
 27348 | Orc:2    | Noticed Donald
 27366 | Orc:2    | Killed Donald
 27367 | Orc:2    | Reached XP level 15. HP: 47/132 MP: 17/24
 27694 | Orc:2    | Found Gotixt's Antique Weapon Emporium.
 28008 | Orc:2    | Found Kunah's Antique Weapon Shop.
 28187 | Orc:2    | Found a staircase to the Elven Halls.
 28755 | Orc:1    | Found Jiutador's Weapon Emporium.
 28882 | Orc:1    | Bought 3 scrolls of identify for 84 gold pieces
 28951 | D:8      | Bought a scroll of identify for 20 gold pieces
 29188 | D:13     | Received a gift from Okawaru
 29194 | D:13     | Found a gate to the Vaults.
 29401 | D:13     | Reached skill level 15 in Invocations
 29833 | D:13     | Found a white marble altar of Elyvilon.
 29833 | D:13     | Found an ornate altar of the Wu Jian Council.
 30102 | D:13     | Received a gift from Okawaru
 30895 | D:14     | Received a gift from Okawaru
 30954 | D:14     | Reached skill level 15 in Fighting
 31119 | D:14     | Found a transporter.
 31609 | D:14     | Noticed a Hell Sentinel
 31621 | D:14     | Noticed Xacosk's ghost (journeyman DsCK)
 31630 | D:14     | Found a transporter.
 31630 | D:14     | Found a one-way gate to the infinite horrors of the Abyss.
 31668 | D:14     | You fall into a shaft and drop 1 floor!
 31668 | D:15     | Entered Level 15 of the Dungeon
 32042 | D:15     | Found a transporter.
 32048 | D:15     | Found a transporter.
 32053 | D:15     | Noticed Doxel's ghost (journeyman FeSh)
 32053 | D:15     | Noticed an iron dragon
 32133 | D:15     | Found an ancient bone altar of Kikubaaqudgha.
 32382 | D:15     | Reached XP level 16. HP: 126/151 MP: 26/26
 32385 | D:15     | Found a staircase to the Depths.
 32389 | D:15     | Received a gift from Okawaru
 33000 | Swamp:1  | Entered Level 1 of the Swamp
 33494 | Swamp:1  | Noticed Frances
 33517 | Swamp:1  | Killed Frances
 33967 | Swamp:1  | Upgraded the game from 0.31-a0-1589-g8f5e8aebd6 to
                  | 0.31-a0-1591-g515db51633
 34029 | Swamp:2  | HP: 6/145 [nine-headed hydra (12)]
 34029 | Swamp:2  | Slain by a nine-headed hydra

Illustrated notes

Levels and vault maps discovered:
D:1:      dpeg_arrival_lava_temple_mockup, layout_basic
D:2:      layout_loops_ring
D:3:      layout_basic, mainiacjoe_overflow_paths, serial_glass,
          glass_columns_c, glass_columns_a
D:4:      layout_cave_pools, old_standard_altar, mainiacjoe_overflow_two_lobes,
          gammafunk_ghost_icy, minmay_goblin_outpost
D:5:      layout_loops_ring, serial_shops, shop, nicolae_shop_real_fake_doors,
          shop, shop, shop, nicolae_eternal_life, uniq_menkaure, uniq_edmund,
          uniq_prince_ribbit1, uniq_ijyb, uniq_crazy_yiuf_cottage,
          uniq_eustachio, uniq_grinder, uniq_duvessa
D:6:      layout_gridville, grunt_dithmenos_smoke_and_mirrors,
          mainiacjoe_overflow_cross_hatched, serial_shops,
          nicolae_stop_n_shop_2, nicolae_shop_overcharged_wands
D:7:      layout_rooms, mainiacjoe_overflow_six_doors_small,
          nicolae_overflow_crystal_walls, minmay_temple_entry_poolview,
          minmay_small_thing
D:8:      minmay_s_stair_smasher, layout_loops_cross, regret_index_xom_of_box,
          gammafunk_ghost_wrathful_warriors, serial_rivers,
          chequers_serial_rivers_room_a, chequers_serial_rivers_small_a,
          chequers_serial_rivers_large_a, chequers_serial_rivers_marsh,
          chequers_serial_rivers_small_b, chequers_serial_rivers_small_3,
          serial_shops, nicolae_shop_tiny_glass, grunt_ministairs_10,
          amcnicky_mini_pool_small, kennysheep_generic_room_11, uniq_maggie
D:9:      layout_roguey [special_room_orc], hiddenorc2_lemuel
D:10:     layout_rooms, mainiacjoe_overflow_tiny_flanked,
          nicolae_ashenzari_skybound, zin_scriptorium,
          mainiacjoe_overflow_surrounded_room, nicolae_transmutations_shop,
          hangedman_decor_riveting, uniq_fannar
D:11:     layout_loops_corners, due_lair_maze_entry_diamond,
          ploomutoo_gammafunk_ghost_potion_laboratory
D:12:     layout_basic, drop_trap, small_statue_alley_a, nicolae_stop_n_shop_1
D:13:     minmay_the_grid_octo_tiled_octocenter_mashed
          [minmay_the_grid_octo_focus, minmay_the_grid_octo_horde,
          minmay_the_grid_octo_vomiting_pacman,
          minmay_the_grid_octo_thin_diamonds,
          minmay_the_grid_octo_prize_square_snowflake,
          minmay_the_grid_square_5x5_three, minmay_the_grid_square_5x5_c,
          minmay_the_grid_square_5x5_inverted_slash,
          minmay_the_grid_square_5x5_shrine2], layout_stronghold, david_vaults_2
D:14:     layout_roguey, nicolae_elevator_lobby_plus,
          gammafunk_ghost_abyssal_escape
D:15:     hangedman_depths_entry_try_elsewhere_first, layout_loops_ring,
          gammafunk_ghost_berserking_beasts, nicolae_kikubaaqudgha_miasma_corner
Temple:   chequers_temple_sunken
Lair:1:   layout_loops_ring, serial_bayou_crossing, grunt_megastairs_5
Lair:2:   layout_chaotic_city, minmay_swamp_entry_worms, grunt_megastairs_4
Lair:3:   layout_regular_city, minmay_snake_entry_guardpost_small
Lair:4:   layout_big_grid, gauntlet_entry_generic, beast_lair_carwin_5,
          uniq_nessos
Lair:5:   hangedman_lair_caniforms_friends, layout_hall_layers,
          guppyfry_lair_end_dragon, nicolae_slime_entry_field_trip,
          chequers_serial_rivers_micro_c, lemuel_fruit_fields
Swamp:1:  layout_basic_swamp, evilmike_swamp_ruin_house_1, swamp_pool_4,
          grunt_hermit_hut, infiniplex_staircase_pool, uniq_frances
Swamp:2:  layout_basic_swamp, evilmike_swamp_ruin_house_4, uniq_louise
Snake:1:  layout_grid_maze, st_stairs_5, nicolae_snake_flat_spine
Orc:1:    layout_caves, serial_shops, nicolae_shop_behind_doors,
          nicolae_shop_crystal, shop, nicolae_shop_hallway_plus, uniq_erolcha
Orc:2:    pubby_orc_utopia, uniq_donald

Skill      XL: |  1  2  3  4  5  6  7  8  9 10 11 12 13 14 15 16 |
---------------+-------------------------------------------------+-----
Armour         | 4 6 7 9 12 13 | 13.2
Shields        | 4 6 8 9 12 13 | 13.2
Axes           | 3 4 5 6 7 9 11 13 14 15 17 | 17.0
Fighting       | 4 5 6 7 8 9 12 16 | 16.2
Invocations    | 6 9 11 13 15 | 15.0
Throwing       | 7 9 |  9.2

Action                     |  1- 3 |  4- 6 |  7- 9 | 10-12 | 13-15 | 16-18 || total
---------------------------+-------+-------+-------+-------+-------+-------++-------
  Melee: War axe           |    58 |   141 |   235 |   825 |  1247 |   114 ||  2620
         Headbutt          |    12 |    19 |    62 |   195 |   357 |    32 ||   677
         Scimitar          |       |       |       |     7 |     7 |       ||    14
  Throw: Dart              |       |    10 |     2 |     5 |   170 |     4 ||   191
         Boomerang         |       |       |     7 |    69 |   155 |    58 ||   289
         Javelin           |       |       |       |       |    43 |       ||    43
         Throwing net      |       |       |       |       |       |     3 ||     3
 Invoke: Heroism           |       |       |       |     8 |    17 |     2 ||    27
         Finesse           |       |       |       |     1 |     2 |       ||     3
    Use: Potion            |       |     1 |     1 |     1 |     7 |       ||    10
         Scroll            |       |       |     2 |     9 |    20 |     1 ||    32
   Stab: Petrified         |       |       |       |       |     4 |       ||     4
 Armour: Scale mail        |    26 |    96 |   223 |    28 |     8 |       ||   381
         Acid dragon scale |       |       |       |   384 |   755 |   142 ||  1281
  Dodge: Dodged            |    24 |    81 |   126 |   224 |   472 |    71 ||   998
  Block: Buckler           |    14 |    33 |    65 |    29 |       |       ||   141
         Kite shield       |       |       |       |   305 |   822 |   108 ||  1235

Table legend: (Time is in decaauts)
 A = Elapsed time spent in this place.
 B = Non-inter-level travel time spent in this place.
 C = Inter-level travel time spent in this place.
 D = Time resting spent in this place.
 E = Time spent auto-exploring this place.
 F = Levels seen in this place.
 G = Mean time per level.
                   A        B        C        D        E       F      G
               +--------+--------+--------+--------+--------+-----+--------+
         Total |  33806 |  31831 |   1975 |   9059 |  14823 |  27 | 1252.1 |
       Dungeon |  18434 |  17239 |   1195 |   4162 |   8958 |  15 | 1228.9 |
        Temple |     34 |     19 |     15 |      0 |      0 |   1 |   34.0 |
          Lair |   8878 |   8325 |    553 |   2808 |   3419 |   5 | 1775.6 |
         Swamp |   1059 |   1029 |     30 |    140 |    586 |   2 |  529.5 |
     Snake Pit |      1 |      1 |      0 |      0 |      0 |   1 |    1.0 |
  Orcish Mines |   4725 |   4545 |    180 |   1585 |   1858 |   2 | 2362.5 |
      Gauntlet |    673 |    673 |      0 |    363 |      0 |   1 |  673.0 |
               +--------+--------+--------+--------+--------+-----+--------+

Top non-repeatable levels by time:
  Lair:5: 3238 daAuts
   Orc:2: 3209 daAuts
     D:8: 2069 daAuts
    D:11: 1998 daAuts
     D:5: 1910 daAuts
  Lair:1: 1893 daAuts
    D:13: 1657 daAuts
  Lair:2: 1601 daAuts
   Orc:1: 1515 daAuts
     D:9: 1511 daAuts
     D:4: 1316 daAuts
  Lair:3: 1263 daAuts
    D:12: 1220 daAuts
    D:14: 1150 daAuts
     D:7: 1135 daAuts
